 Dungeon Crawl Stone Soup version 0.18-b1-2-gd0c887e (webtiles) character file.

13449 Alarkh the Cruncher (level 11, -19/81 HPs)
             Began as a Mummy Necromancer on Apr 28, 2016.
             Was an Initiate of Gozag.
             Killed from afar by Harold (38 damage)
             ... with a bolt of fire
             ... on level 10 of the Dungeon.
             The game lasted 00:47:18 (11972 turns).

Alarkh the Cruncher (Mummy Necromancer)            Turns: 11972, Time: 00:47:18

Health: -19/81     AC:  9    Str: 11    XL:     11   Next: 75%
Magic:  24/24      EV: 20    Int: 18    God:    Gozag
Gold:   833        SH:  4    Dex: 17    Spells: 5 memorised, 5 levels left

rFire  . . .     SeeInvis +     a - +5 mace of Corporal Punishment {speed, Dex+4 SInv}
rCold  + . .     Gourm    .     k - +2 robe {rF+}
rNeg   + + +     Faith    .     (no shield)
rPois  ∞         Spirit   .     m - +0 Maxwell's etheric cage {RegenMP+ *Contam rElec MP+4}
rElec  +         Dismiss  .     s - +2 cloak
rCorr  .         Reflect  +     f - +0 pair of gloves
SustAt .         Harm     .     (no boots)
MR     +....                    A - +4 amulet of reflection
Stlth  ++........               B - ring of wizardry
                                d - +5 ring of evasion

@: very slightly contaminated, somewhat resistant to hostile enchantments,
unstealthy
A: no food or potions, fire vulnerability, cold resistance 1, negative energy
resistance 3, torment resistance, unbreathing
a: Potion Petition, Call Merchant, Bribe Branch, Renounce Religion


You were on level 10 of the Dungeon.
You worshipped Gozag.
Gozag was noncommittal.
You were not hungry.

You visited 3 branches of the dungeon, and saw 13 of its levels.

You collected 2104 gold pieces.
You spent 655 gold pieces at shops.
You paid 616 gold pieces to Gozag.

Inventory:

Hand Weapons
 a - the +5 mace of Corporal Punishment (weapon) {speed, Dex+4 SInv}
   (You found it on level 6 of the Dungeon)

   Attacks with this weapon are significantly faster.
   It affects your dexterity (+4).
   It lets you see invisible.
 z - a +2 quarterstaff of chaos
Missiles
 o - a throwing net (quivered)
Armour
 f - a +0 pair of gloves (worn)
 k - a +2 robe of fire resistance (worn)
 m - the +0 Maxwell's etheric cage (worn) {RegenMP+ *Contam rElec MP+4}
   (You bought it in a shop on level 1 of the Lair of Beasts)

   It insulates you from electricity.
   It affects your magic capacity (+4).
   It causes magical contamination when unequipped.
 s - a +2 cloak (worn)
 t - the +0 leather armour "Pavyxucy" {+Fly rPois rN+}
   (You found it on level 9 of the Dungeon)

   It protects you from poison.
   It protects you from negative energy.
   It lets you fly.
 E - a troll hide
Magical Staves
 H - an uncursed staff of death
Jewellery
 d - a +5 ring of evasion (left hand)
 A - a +4 amulet of reflection (around neck)
 B - a ring of wizardry (right hand)
Wands
 b - a wand of acid (10/15)
 i - a wand of acid (4/15)
 j - a wand of disintegration (14/24)
 u - a wand of iceblast (8/15)
 v - a wand of disintegration (12/24)
 w - a wand of random effects (30/48)
 x - a wand of digging (8/24)
 y - a wand of slowing (28/48)
Scrolls
 e - 2 scrolls of recharging
 g - a scroll of enchant armour
 h - a scroll of vulnerability
 l - 2 scrolls of remove curse
 n - 2 scrolls of blinking
 p - 2 scrolls of amnesia
 r - a scroll of torment
 C - a scroll of teleportation
 D - a scroll of fog
 F - a scroll of enchant weapon
Books
 c - a book of Conjurations

   Spells                             Type                      Level
   a - Magic Dart                     Conjuration                  1
   b - Searing Ray                    Conjuration                  2
   c - Dazzling Spray                 Conjuration/Hexes            3
   d - Fulminant Prism                Conjuration/Hexes            4
   e - Iskenderun's Mystic Blast      Conjuration                  4
   f - Iskenderun's Battlesphere      Conjuration/Charms           5
Miscellaneous
 q - a phial of floods


   Skills:
 - Level 6.0 Fighting
 - Level 11.0 Staves
 - Level 5.0 Dodging
 - Level 1.5 Stealth
 + Level 6.2 Spellcasting
 * Level 4.4 Conjurations
 + Level 1.2 Charms
 - Level 8.0 Necromancy


You had 5 spell levels left.
You knew the following spells:

 Your Spells              Type           Power        Failure   Level  Hunger
a - Iskenderun's Mystic   Conj           ###.....     9%          4    N/A
b - Pain                  Necr           ####         1%          1    N/A
c - Iskenderun's Battles  Conj/Chrm      ###.....     65%         5    N/A
d - Control Undead        Necr           ####......   1%          4    N/A
e - Vampiric Draining     Necr           ####......   1%          3    N/A

Dungeon Overview and Level Annotations

Branches:
Dungeon (10/15)            Temple (1/1) D:4            Lair (2/8) D:8
    Orc: D:9-12

Altars:
Ashenzari
Cheibriados
Dithmenos
Elyvilon
Fedhas
Gozag
Kikubaaqudgha
Makhleb
Nemelex Xobeh
Okawaru
Pakellas
Qazlal
Ru
Sif Muna
Trog
Vehumet
Xom
Yredelemnul
Zin
The Shining One

Shops:
D:5 *   D:7 *   Lair:1 [

Annotations:
D:6 1 exclusion
D:10 Harold


Innate Abilities, Weirdness & Mutations

You do not eat or drink.
Your flesh is vulnerable to fire.
You are immune to poison.
Your flesh is cold resistant.
You are immune to negative energy.
You are immune to unholy pain and torment.
You can survive without breathing.


Message History

Confirm with . or Enter, or press ? or * to list all spells.
Aiming: Iskenderun's Mystic Blast
Press: ? - help, Shift-Dir - straight line, f/p - Harold
Aim: Harold, wielding a short sword and wearing a ring mail (moderately wounded)
You miscast Iskenderun's Mystic Blast.
You are very lightly contaminated with residual magic.
You feel a strange surge of energy! Harold gestures at you while chanting.
The bolt of fire hits you!
Things that are here:
a giant club x2
Harold points at you and mumbles some strange words.
The bolt of fire hits you!
* * * LOW HITPOINT WARNING * * *
A jelly comes into view.
The jelly quivers.
Harold points at you and mumbles some strange words.
The bolt of fire hits you!
You die...
Your body crumbles into a pile of gold.

#.......'......)................#
#######'#..########.#####.......#
..(........#......#.# #.......#
...........#......#.# #>......#
....#####..#...>..'.# #.......#
...@# #..#.%....#.# #.......#
....# #(%########.#####.......#
%...# #....................####
...)# #.......@..J.......).#
....#####(@...###............####
....@.........#.'................
..............#.#................
..............#.############''###
..............#.................#
..............#.................#
..#######.....#....#####........#
.. #.....#....# #........#


You could see Harold and a jelly.

Vanquished Creatures
  Snorg (D:10)
  Erica (D:10)
  A centaur warrior (D:9)
  A hill giant (D:10)
  Pikel (D:7)
  Joseph (D:7)
  A spiny frog (Lair:2)
  The ghost of RudyRod the Firebug, a novice DsFE (D:4)
  2 two-headed ogres
  3 trolls
  8 blink frogs (Lair:1)
  Prince Ribbit (D:5)
  A spriggan (D:7)
  8 yaks
  2 hippogriffs (Lair:1)
  A soldier ant (D:10)
  4 porcupines
  2 water moccasins (Lair:1)
  2 slaves (D:7)
  3 orc warriors
  2 sky beasts
  A wasp (D:10)
  A black bear (D:7)
  2 ice beasts
  2 phantoms
  4 ogres
  The ghost of Rationalist the Skirmisher, an amateur DsBe of Trog (D:3)
  5 centaurs
  A big kobold (D:8)
  10 giant frogs
  A water moccasin zombie (D:10)
  A gnoll sergeant (D:9)
  2 scorpions (D:9)
  4 killer bees
  4 wights (D:8)
  An electric eel (Lair:1)
  2 howler monkeys
  2 giant frog zombies
  8 crimson imps
  2 jellies
  A centaur skeleton (D:10)
  A gnoll shaman (D:7)
  4 hounds
  2 orc priests
  Crazy Yiuf (D:6)
  Natasha (twice) (D:2)
  2 giant frog skeletons
  3 iguanas
  Terence (D:3)
  4 sheep (Lair:1)
  5 worker ants
  A hound skeleton (D:7)
  2 worker ant zombies (D:9)
  11 gnolls
  16 river rats (Lair:1)
  13 adders
  A shadow imp (D:5)
  An ooze (D:6)
  2 adder zombies
  2 adder skeletons
  7 worms
  3 dart slugs
  10 giant geckos
  12 orcs
  2 giant cockroaches
  9 goblins
  6 hobgoblins
  8 kobolds
  2 quokkas (D:9)
  A ball python (D:5)
  7 bats
  A giant cockroach zombie (D:5)
  2 giant gecko skeletons (D:7)
  4 giant newts
  A quokka skeleton (D:4)
  10 rats
261 creatures vanquished.

Vanquished Creatures (collateral kills)
  A killer bee (D:8)
  A wight (D:8)
  A hobgoblin (D:3)
3 creatures vanquished.

Vanquished Creatures (others)
  A slave (D:7)
  A centaur (D:7)
  A gnoll (D:7)
  2 fungi (Lair:1)
5 creatures vanquished.

Grand Total: 269 creatures vanquished

Notes
Turn   | Place    | Note
--------------------------------------------------------------
     0 | D:1      | Alarkh the Mummy Necromancer began the quest for the Orb.
     0 | D:1      | Reached XP level 1. HP: 13/13 MP: 3/3
    96 | D:1      | Reached XP level 2. HP: 15/19 MP: 0/5
   435 | D:1      | Reached XP level 3. HP: 14/24 MP: 1/6
   801 | D:2      | Noticed Natasha
   806 | D:2      | Killed Natasha
   806 | D:2      | Reached skill level 5 in Necromancy
   806 | D:2      | Reached XP level 4. HP: 30/30 MP: 3/8
   962 | D:2      | Noticed Natasha
   971 | D:2      | Killed Natasha
  1259 | D:2      | Learned a level 3 spell: Vampiric Draining
  1269 | D:2      | Learned a level 4 spell: Control Undead
  1434 | D:3      | Noticed Terence
  1501 | D:3      | Killed Terence
  1529 | D:3      | Reached XP level 5. HP: 35/35 MP: 2/10
  1734 | D:3      | Noticed Rationalist's ghost (amateur DsBe)
  1870 | D:4      | Noticed RudyRod's ghost (novice DsFE)
  1893 | D:5      | Entered Level 5 of the Dungeon
  1893 | D:5      | Found Cacaalo's Assorted Antiques.
  1967 | D:4      | Found a burning altar of Makhleb.
  2023 | D:4      | Found a shimmering altar of Xom.
  2023 | D:4      | Found a shimmering altar of Xom.
  2024 | D:4      | Found a shimmering altar of Xom.
  2024 | D:4      | Found a shimmering altar of Xom.
  2024 | D:4      | Found a shimmering altar of Xom.
  2024 | D:4      | Found a shimmering altar of Xom.
  2152 | D:4      | Found a staircase to the Ecumenical Temple.
  2175 | D:4      | Found a blossoming altar of Fedhas.
  2196 | Temple   | Entered the Ecumenical Temple
  2980 | D:4      | Reached XP level 6. HP: 24/41 MP: 5/12
  3824 | D:6      | Identified the Handbook of Icy Heat
  3830 | D:6      | Found an iron altar of Okawaru.
  4048 | D:5      | Reached skill level 5 in Spellcasting
  4104 | D:5      | Found a deep blue altar of Sif Muna.
  4136 | D:5      | Reached skill level 1 in Fighting
  4136 | D:5      | Reached XP level 7. HP: 21/48 MP: 7/14
  4235 | D:5      | Noticed Prince Ribbit
  4312 | D:5      | Killed Prince Ribbit
  4471 | D:6      | Found a glowing silver altar of Zin.
  4538 | D:6      | Got a crystal mace
  4539 | D:6      | Identified the +5 mace of Corporal Punishment {speed, Dex+4 SInv} (You found it on level 6 of the Dungeon)
  5280 | D:3      | Killed Rationalist's ghost
  5441 | D:4      | HP: 2/52 [RudyRod's ghost/zap (5)]
  5443 | D:4      | Killed RudyRod's ghost
  5443 | D:4      | Reached XP level 8. HP: 1/60 MP: 15/15
  5854 | D:6      | Found an opulent altar of Gozag.
  5871 | D:6      | Became a worshipper of Gozag Ym Sagoz the Greedy
  5918 | D:6      | Noticed Crazy Yiuf
  5925 | D:6      | Killed Crazy Yiuf
  5983 | D:5      | Bought a pair of pitted boots for 228 gold pieces
  5988 | D:5      | Identified the cursed -2 pair of boots of the Hot Ocelot {rElec Str-5 Int+3 SInv} (You bought it in a shop on level 5 of the Dungeon)
  6752 | D:7      | Found a basalt altar of Yredelemnul.
  6820 | D:7      | Noticed Joseph
  6891 | D:7      | Noticed Pikel
  6926 | D:7      | Reached skill level 1 in Staves
  6942 | D:7      | Killed Pikel
  6942 | D:7      | Reached skill level 3 in Staves
  6942 | D:7      | Reached XP level 9. HP: 58/66 MP: 16/16
  7040 | D:7      | Found a white marble altar of Elyvilon.
  7176 | D:7      | Found Hejavo's Wicked Wares.
  7214 | D:7      | Reached skill level 4 in Staves
  7325 | D:7      | Killed Joseph
  7368 | D:7      | Reached skill level 5 in Staves
  7578 | D:7      | Reached skill level 6 in Staves
  8077 | D:8      | Found a sacrificial altar of Ru.
  8081 | D:8      | Found a stormy altar of Qazlal.
  8086 | D:8      | Found an ancient bone altar of Kikubaaqudgha.
  8149 | D:8      | Reached skill level 7 in Staves
  8177 | D:8      | Found a basalt altar of Yredelemnul.
  8181 | D:8      | Found a staircase to the Lair.
  8190 | D:8      | Got an encrusted hand axe
  8207 | D:8      | Identified the +8 hand axe of Syusoem {chop, rC+ Str+2} (You found it on level 8 of the Dungeon)
  8241 | D:8      | Noticed a moth of wrath
  8247 | D:8      | Found a bloodstained altar of Trog.
  8319 | D:8      | Found a deep blue altar of Sif Muna.
  8366 | Lair:1   | Entered Level 1 of the Lair of Beasts
  8529 | Lair:1   | Reached skill level 8 in Staves
  8529 | Lair:1   | Reached XP level 10. HP: 18/73 MP: 3/17
  9283 | Lair:1   | Reached skill level 9 in Staves
  9719 | Lair:1   | Reached skill level 10 in Staves
 10205 | Lair:2   | Noticed a spiny frog
 10213 | Lair:2   | Killed a spiny frog
 10213 | Lair:2   | Reached skill level 5 in Fighting
 10286 | Lair:1   | Bought a +2 robe of fire resistance for 247 gold pieces
 10286 | Lair:1   | Bought the +0 Maxwell's etheric cage {RegenMP+ *Contam rElec MP+4} for 180 gold pieces
 10466 | D:9      | Reached XP level 11. HP: 66/80 MP: 18/18
 10680 | D:9      | Noticed a centaur warrior
 10692 | D:9      | Killed a centaur warrior
 10692 | D:9      | Reached skill level 5 in Dodging
 10799 | D:9      | Got a jade-encrusted leather armour
 10810 | D:9      | Identified the cursed +0 leather armour "Pavyxucy" {+Fly rPois rN+} (You found it on level 9 of the Dungeon)
 10829 | D:9      | Found a deep blue altar of Sif Muna.
 10857 | D:9      | Learned a level 4 spell: Iskenderun's Mystic Blast
 10863 | D:9      | Learned a level 5 spell: Iskenderun's Battlesphere
 10950 | D:9      | Found a shadowy altar of Dithmenos.
 11012 | D:9      | Reached skill level 1 in Conjurations
 11345 | D:10     | Entered Level 10 of the Dungeon
 11345 | D:10     | Noticed Erica
 11389 | D:10     | Noticed a hill giant
 11405 | D:10     | Killed a hill giant
 11405 | D:10     | Reached skill level 11 in Staves
 11477 | D:10     | Noticed Snorg
 11499 | D:10     | Killed Snorg
 11788 | D:10     | Killed Erica
 11840 | D:10     | Reached skill level 1 in Charms
 11934 | D:10     | Noticed Harold
 11972 | D:10     | Killed from afar by Harold

Skill      XL: |  1  2  3  4  5  6  7  8  9 10 11 |
---------------+----------------------------------+-----
Spellcasting   | 3 4 5 6 |  6.2
Necromancy     | 5 6 7 8 |  8.0
Fighting       | 1 3 4 5 6 |  6.0
Dodging        | 3 4 5 |  5.0
Staves         | 3 8 10 11 | 11.0
Conjurations   | 4 |  4.4
Charms         | 1 |  1.2
Stealth        | |  1.5

Action                   |  1- 3 |  4- 6 |  7- 9 | 10-12 || total
-------------------------+-------+-------+-------+-------++-------
Melee: Unarmed           |    24 |       |       |       ||    24
       Dagger            |     4 |       |       |       ||     4
       Spear             |       |    90 |     1 |       ||    91
       Halberd           |       |     3 |       |       ||     3
       Mace              |       |       |   249 |   382 ||   631
 Cast: Pain              |    54 |   144 |   100 |   107 ||   405
       Vampiric Draining |       |     2 |    19 |    89 ||   110
       Control Undead    |       |     3 |     1 |       ||     4
       Iskenderun's Myst |       |       |       |    20 ||    20
Invok: Call Merchant     |       |       |       |     1 ||     1
Evoke: Wand              |       |       |     6 |       ||     6
  Use: Scroll            |       |     8 |     5 |     7 ||    20
 Stab: Sleeping          |       |     3 |     1 |     3 ||     7
       Distracted        |       |       |     3 |     2 ||     5
Armor: Robe              |     7 |    12 |    24 |    56 ||    99
Dodge: Dodged            |    41 |    98 |   252 |   348 ||   739
Block: Other             |       |       |    30 |    78 ||   108
       Reflection        |       |       |     2 |     3 ||     5
